 Dungeon Crawl Stone Soup version 0.32-a0-859-gb0a091d592 (webtiles) character file.

Game seed: 13030257043925148234

42 timneilson the Sneak (level 3, 0/20 HPs)
             Began as a Kobold Enchanter on Mar 28, 2024.
             Slain by a jackal (2 damage)
             ... on level 2 of the Dungeon.
             The game lasted 00:04:23 (1120 turns).

timneilson the Sneak (Kobold Enchanter)             Turns: 1120, Time: 00:04:24

Health: 0/20       AC:  2    Str:  5    XL:     3   Next: 80%
Magic:  6/6        EV: 14    Int: 16    God:
Gold:   54         SH:  0    Dex: 17    Spells: 6/6 levels left

rFire   . . .        a - +1 dagger
rCold   . . .        (no shield)
rNeg    . . .        b - +0 robe
rPois   .            (no helmet)
rElec   .            (no cloak)
rCorr   .            (no gloves)
SInv    .            (no boots)
Will    .....        (no amulet)
Stlth   ++++         (no ring)
HPRegen 0.23/turn    (no ring)
MPRegen 0.10/turn

%: no passive effects
@: no status effects
A: small, no large weapons, nightstalker 3
a: no special abilities


You were on level 2 of the Dungeon.
You visited 1 branch of the dungeon, and saw 2 of its levels.

You collected 54 gold pieces.

Inventory:

Hand Weapons
 a - a +1 dagger (weapon)
Armour
 b - a +0 robe (worn)
Scrolls
 d - a scroll of identify {unknown}
Potions
 c - 2 potions of invisibility
 e - 2 potions of haste


   Skills:
 + Level 1.2 Fighting
 * Level 2.5 Short Blades
 + Level 0.7 Armour
 * Level 3.2 Dodging
 + Level 4.2 Stealth
 - Level 2.1 Spellcasting
 - Level 3.0 Hexes


You had 6 spell levels left.
You didn't know any spells.
Your spell library contained the following spells:

 Spells                   Type           Power      Damage    Failure   Level
 Ensorcelled Hibernation  Hex/Ice        12%        N/A       17%         2
 Confusing Touch          Hex            11%        N/A       19%         3
 Tukima's Dance           Hex            11%        N/A       19%         3
 Apportation              Tloc           2%         N/A       21%         1
 Necrotise                Necr           4%         1d4       21%         1
 Sting                    Conj/Alch      4%         1d3       21%         1
 Summon Small Mammal      Summ           4%         N/A       21%         1
 Dazzling Flash           Conj/Hex       12%        N/A       32%         3
 Call Canine Familiar     Summ           1%         N/A       52%         3
 Summon Blazeheart Golem  Fire/Summ      1%         N/A       90%         4


Dungeon Overview and Level Annotations

Branches:
Dungeon (2/15)

Altars:


Innate Abilities, Weirdness & Mutations

You are small and have problems with some larger weapons.
You are completely attuned to the shadows.


Message History

* * * LOW HITPOINT WARNING * * *
You hit the jackal.
The jackal is heavily wounded.
The jackal barely misses you.
You hit the jackal but do no damage.
The jackal is heavily wounded.
The jackal bites you.
* * * LOW HITPOINT WARNING * * *
The jackal bites you.
* * * LOW HITPOINT WARNING * * *
You hit the jackal.
The jackal is severely wounded.
The jackal closely misses you.
You closely miss the jackal.
The jackal is severely wounded.
The jackal barely misses you.
You hit the jackal.
The jackal is almost dead.
The jackal closely misses you.
You hit the jackal.
You kill the jackal!
You hit the jackal but do no damage. The jackal closely misses you.
You hit the jackal.
The jackal is lightly wounded.
The jackal bites you.
* * * LOW HITPOINT WARNING * * *
The jackal bites you but does no damage.
You hit the jackal but do no damage.
The jackal is lightly wounded.
The jackal completely misses you.
You closely miss the jackal.
The jackal is lightly wounded.
The jackal misses you.
You barely miss the jackal.
The jackal is lightly wounded.
The jackal barely misses you.
You hit the jackal.
The jackal is almost dead.
The jackal bites you.
You die...

#.# #.....#### #.#
#........# #.#
#..##'##.. ###.#
+.##...##
....#######.#..#..#
....'.......#.#.#.#
....######..+..#..+
....# #..#.#h#.# #
....# #..#..#@.#.#.
....# #..##...##.$.
....# #...##'##..#
....# #....h..#
.... .....#..# ####
####...(# #.#### #.


You could see a jackal.

Vanquished Creatures
  An adder (D:2)
  A ribbon worm (D:2)
  A ball python (D:1)
  2 bats
  5 endoplasms
  4 hobgoblins (D:1)
  3 jackals (D:2)
  3 kobolds
  2 quokkas
  2 frilled lizards (D:1)
  3 rats
27 creatures vanquished.

Notes
Turn   | Place    | Note
-------+----------+-------------------------------------------
     0 | D:1      | timneilson the Kobold Enchanter began the quest for the
                  | Orb.
     0 | D:1      | Reached XP level 1. HP: 10/10 MP: 3/3
   265 | D:1      | Reached XP level 2. HP: 16/16 MP: 5/5
   885 | D:2      | Found a faded altar of an unknown god.
   906 | D:2      | Reached XP level 3. HP: 16/20 MP: 6/6
   943 | D:2      | Reached skill level 1 in Fighting
   945 | D:2      | HP: 1/20 [poisoned by an adder]
  1110 | D:2      | HP: 1/20 [jackal (1)]
  1120 | D:2      | Slain by a jackal

Illustrated notes

Levels and vault maps discovered:
D:1:      heliophobic_arrival_dark_side_of_the_moon, layout_basic,
          hangedman_abyss_or_decor_stabs
D:2:      layout_basic, nicolae_ecumenical_pavilion, minmay_box_of_dots

Skill      XL: |  1  2  3 |
---------------+----------+-----
Short Blades   | 2 |  2.5
Fighting       | 1 |  1.2
Dodging        | 3 |  3.2
Armour         | |  0.7
Stealth        | |  4.2
Spellcasting   | |  2.1
Hexes          | |  3.0

Action                     || total
---------------------------++-------
  Melee: Dagger            ||    84
    Use: Scroll            ||     3
         Potion            ||     2
   Stab: Sleeping          ||    13
         Distracted        ||     1
 Armour: Robe              ||    37
  Dodge: Dodged            ||    57

Table legend: (Time is in decaauts)
 A = Elapsed time spent in this place.
 B = Non-inter-level travel time spent in this place.
 C = Inter-level travel time spent in this place.
 D = Time resting spent in this place.
 E = Time spent auto-exploring this place.
 F = Levels seen in this place.
 G = Mean time per level.
                   A        B        C        D        E       F      G
               +--------+--------+--------+--------+--------+-----+--------+
         Total |   1095 |   1061 |     34 |      0 |    852 |   2 |  547.5 |
       Dungeon |   1095 |   1061 |     34 |      0 |    852 |   2 |  547.5 |
               +--------+--------+--------+--------+--------+-----+--------+

Top non-repeatable levels by time:
     D:1: 882 daAuts
     D:2: 212 daAuts
